 Dungeon Crawl Stone Soup version 0.29.1-4-g47bece8355 (webtiles) character file.

Game seed: 9091742037261341550

226 CaptainMV the Stinger (level 5, -5/40 HPs)
             Began as a Draconian Venom Mage on Dec 7, 2022.
             Was an Initiate of Vehumet.
             Slain by Pargi (7 damage)
             ... on level 4 of the Dungeon.
             The game lasted 00:26:50 (2883 turns).

CaptainMV the Stinger (Draconian Venom Mage)        Turns: 2883, Time: 00:26:51

Health: -5/40      AC:  5    Str: 10    XL:     5   Next: 69%
Magic:  5/9        EV: 12    Int: 24    God:    Vehumet [......]
Gold:   147        SH:  0    Dex: 11    Spells: 8/9 levels left

rFire   . . .      SeeInvis .   t - +0 dagger (drain)
rCold   . . .      Faith    .   (no shield)
rNeg    . . .      Spirit   .   (body armour unavailable)
rPois   .          Reflect  .   (helmet restricted)
rElec   .          Harm     .   (no cloak)
rCorr   .          Rampage  .   (no gloves)
Will    .....                   (no boots)
Stlth   ++........              (no amulet)
HPRegen 0.13/turn               i - +6 ring of intelligence
MPRegen 0.11/turn               (no ring)

@: no status effects
A: AC +5, unfitting armour, cold-blooded
a: Renounce Religion


You were on level 4 of the Dungeon.
You worshipped Vehumet.
Vehumet was noncommittal.
You visited 1 branch of the dungeon, and saw 4 of its levels.

You collected 147 gold pieces.

Inventory:

Hand Weapons
 e - a +0 dagger
 l - a +0 lajatang
 t - a +0 dagger of draining (weapon)
Missiles
 c - 9 poisoned darts
 p - 6 silver javelins (quivered)
 s - 5 boomerangs
Jewellery
 i - a +6 ring of intelligence (left hand)
 o - a ring of poison resistance
Wands
 q - a wand of flame (5)
Scrolls
 b - a scroll of teleportation {unknown}
 d - 6 scrolls of identify {unknown}
 h - a scroll of brand weapon {unknown}
 k - 2 scrolls of immolation {unknown}
 m - a scroll of enchant armour {unknown}
 r - a scroll of magic mapping {unknown}
 v - a scroll of blinking {unknown}
Potions
 a - a potion of magic
 f - a potion of invisibility {unknown}
 g - 2 potions of attraction {unknown}
 j - 5 potions of curing {unknown}
 n - 3 potions of heal wounds {unknown}
 u - a potion of mutation {unknown}


   Skills:
 + Level 1.0 Fighting
 + Level 1.6 Short Blades
 + Level 3.0 Dodging
 + Level 2.2 Stealth
 + Level 2.9 Spellcasting
 + Level 2.2 Transmutations
 + Level 3.9 Poison Magic


You had 8 spell levels left.
You knew the following spells:

 Your Spells              Type           Power      Damage    Failure   Level
a - Sting                 Tmut/Pois      72%        1d6       3%          1

Your spell library contained the following spells:

 Spells                   Type           Power      Damage    Failure   Level
 Poisonous Vapours        Pois/Air       24%        N/A       8%          2
 Mephitic Cloud           Conj/Pois/Air  9%         N/A       19%         3
 Olgreb's Toxic Radiance  Pois           22%        N/A       22%         4


Dungeon Overview and Level Annotations

Branches:
Dungeon (4/15)
 Temple: D:4-7

Altars:
Hepliaklqana
Vehumet

Shops:
D:1 ?

Annotations:
D:4 Pargi


Innate Abilities, Weirdness & Mutations

Your plain brown scales are hard. (AC +5)
You cannot fit into any form of body armour.
You are cold-blooded and may be slowed by cold attacks.


Message History

Pargi is lightly wounded.
You feel sick. The adder bites you but does no damage.
Casting: Sting (safe; 3% risk of failure)
Confirm with . or Enter, or press ? or * to list all spells.
Aiming: Sting (safe; 3% risk of failure)
Press: ? - help, Shift-Dir - straight line, f/p - Pargi
Aim: Pargi (lightly wounded, poisoned, lightly drained, 67% to hit)
The sting misses Pargi.
You feel sick.
You are no longer poisoned.
Pargi bites you.
* * * LOW HITPOINT WARNING * * *
Pargi closely misses you. Pargi barely misses you.
The adder closely misses you.
You barely miss Pargi.
Pargi is lightly wounded.
Pargi barely misses you. x2; Pargi closely misses you.
The adder bites you but does no damage.
You closely miss Pargi.
Pargi is lightly wounded.
Pargi looks more healthy.
The adder misses you. Pargi bites you but does no damage.
Pargi claws you but does no damage. x2
You hit Pargi. You tail-slap Pargi.
Pargi is lightly wounded.
The adder closely misses you. Pargi closely misses you.
Pargi claws you but does no damage. Pargi claws you.
* * * LOW HITPOINT WARNING * * *
The adder closely misses you.
You closely miss the adder.
The adder is severely wounded.
Pargi barely misses you. x2; Pargi claws you but does no damage.
The adder barely misses you. Pargi attacks as you move away! Pargi bites you.
* * * LOW HITPOINT WARNING * * *
Pargi claws you.
* * * LOW HITPOINT WARNING * * *
Pargi claws you but does no damage.
You hit the adder.
The adder is almost dead.
The adder bites you but does no damage. Pargi bites you!
You die...

#...... ... ##. ##.......
##.... ............ ##
#..... ............ #.
#.... ##............ #.
###....###.............. #.
#^.....#........#.......##.
#............##.........÷
###....S@...###.....###..
#......T........###.##...
..P...#.##.........##.....#
.♣~.♣P..#.................#
~~♣~~..♣.....#.............
~ ~~~...........##.........
~♣.♣..P......>...........
♣..P.#..................
...P###..................


You could see Pargi (drained) and an adder (very drained).

Vanquished Creatures
  A scorpion (D:4)
  A hound skeleton (D:3)
  3 gnolls (D:2)
  5 adders
  An ufetubus (D:4)
  An adder skeleton (D:3)
  2 worms (D:2)
  2 dart slugs (D:4)
  9 ball pythons
  3 endoplasms (D:3)
  A giant cockroach (D:1)
  7 goblins
  2 hobgoblins
  4 jackals (D:1)
  5 kobolds
  4 quokkas
  5 bats
  2 frilled lizards
  A giant cockroach zombie (D:3)
  A quokka zombie (D:3)
  3 rats
63 creatures vanquished.

Vanquished Creatures (others)
  A plant (D:4)
  A withered plant (D:3)
2 creatures vanquished.

Grand Total: 65 creatures vanquished

Notes
Turn   | Place    | Note
-------+----------+-------------------------------------------
     0 | D:1      | CaptainMV the Draconian Venom Mage began the quest for the
                  | Orb.
     0 | D:1      | Reached XP level 1. HP: 14/14 MP: 3/3
   209 | D:1      | Reached XP level 2. HP: 14/20 MP: 5/5
   513 | D:1      | Found a faded altar of an unknown god.
   936 | D:1      | Found Nosownua's Magic Scroll Emporium.
   976 | D:1      | Reached XP level 3. HP: 26/26 MP: 6/6
  1120 | D:2      | Found a hazy altar of Hepliaklqana.
  1463 | D:2      | Reached skill level 1 in Short Blades
  1463 | D:2      | Reached XP level 4. HP: 21/34 MP: 7/7
  2194 | D:3      | Found a radiant altar of Vehumet.
  2202 | D:3      | Became a worshipper of Vehumet
  2499 | D:4      | Reached XP level 5. HP: 18/39 MP: 5/8
  2817 | D:4      | Reached skill level 1 in Fighting
  2856 | D:4      | Noticed Pargi
  2882 | D:4      | HP: 2/40 [Pargi (3)]
  2883 | D:4      | Slain by Pargi

Illustrated notes

Levels and vault maps discovered:
D:1:      noname_arrival_rooms_in_the_neighbourhood, layout_basic,
          shapermc_ecumenical_altar_totnotflames, serial_shops,
          nicolae_shop_stone, minmay_pentomino_u2
D:2:      layout_basic, basic_altar, hangedman_decor_push
D:3:      layout_rooms, nicolae_vehumet_radiance, serial_undead,
          serial_undead_c, serial_undead_f, serial_undead_a, serial_undead_a
D:4:      layout_cave_pools, nicolae_gozag_seed_capital,
          minmay_temple_entry_enclosed_plants, serial_bayou_pond_a, uniq_pargi

Skill      XL: |  1  2  3  4  5 |
---------------+----------------+-----
Dodging        | 2 3 |  3.0
Stealth        | 2 |  2.2
Short Blades   | 1 |  1.6
Fighting       | 1 |  1.0
Transmutations | 2 |  2.2
Spellcasting   | |  2.9
Poison Magic   | |  3.9

Action                   |  1- 3 |  4- 6 || total
-------------------------+-------+-------++-------
Melee: Dagger            |   142 |   119 ||   261
       Unarmed           |     4 |       ||     4
       Punch             |     1 |     1 ||     2
       Tailslap          |    14 |    11 ||    25
 Cast: Sting             |    17 |    35 ||    52
 Stab: Sleeping          |     3 |     1 ||     4
Armor: Skin              |    46 |    60 ||   106
Dodge: Dodged            |   104 |   104 ||   208
